 Dungeon Crawl Stone Soup version 0.22.1-2-g9c5b331 (webtiles) character file.

58 Velaskes the Grave Robber (level 3, 0/19 HPs)
             Began as a Deep Elf Necromancer on Dec 18, 2018.
             Slain by an orc
             ... wielding a +0 war axe
              (3 damage)
             ... on level 4 of the Dungeon.
             The game lasted 00:06:58 (2353 turns).

Velaskes the Grave Robber (Deep Elf Necromancer)    Turns: 2353, Time: 00:06:59

Health: 0/19       AC:  2    Str:  5    XL:     3   Next: 75%
Magic:  2/11       EV: 13    Int: 20    God:
Gold:   91         SH:  0    Dex: 15    Spells: 9/11 levels left

rFire    . . .     SeeInvis .   f - +0 short sword
rCold    . . .     Gourm    .   (no shield)
rNeg     . . .     Faith    .   a - +0 robe
rPois    .         Spirit   .   (no helmet)
rElec    .         Reflect  .   (no cloak)
rCorr    .         Harm     .   (no gloves)
MR       .....                  (no boots)
Stlth    ++........             (no amulet)
HPRegen  0.06/turn              (no ring)
MPRegen  0.12/turn              (no ring)

@: very slightly contaminated
A: no striking features
a: no special abilities


You were on level 4 of the Dungeon.
You were not hungry.

You visited 1 branch of the dungeon, and saw 4 of its levels.

You collected 91 gold pieces.

Inventory:

Hand Weapons
 f - a +0 short sword (weapon)
Armour
 a - a +0 robe (worn)
Jewellery
 h - an uncursed ring of positive energy {unknown}
Scrolls
 d - a scroll of noise {unknown}
 g - 2 scrolls of remove curse {unknown}
 j - a scroll of teleportation {unknown}
 k - a scroll of enchant armour {unknown}
 l - a scroll of blinking {unknown}
 o - a scroll of identify {unknown}
Potions
 b - 2 potions of curing {unknown}
 e - a potion of lignification {unknown}
 i - a potion of degeneration {unknown}
 m - a potion of ambrosia {unknown}
 n - a potion of heal wounds {unknown}
Comestibles
 c - 3 rations


   Skills:
 + Level 2.6 Dodging
 + Level 2.7 Stealth
 + Level 4.5 Spellcasting
 + Level 5.5 Necromancy


You had 9 spell levels left.
You knew the following spells:

 Your Spells              Type           Power        Failure   Level  Hunger
a - Pain                  Necr           ####         1%          1    None
b - Animate Skeleton      Necr           N/A          1%          1    None

Your spell library contained the following spells:

 Spells                   Type           Power        Failure   Level  Hunger
 Vampiric Draining        Necr           ####......   3%          3    ##.....
 Regeneration             Chrm/Necr      ###.......   12%         3    ##.....
 Animate Dead             Necr           N/A          12%         4    ####...


Dungeon Overview and Level Annotations

Branches:
Dungeon (4/15)
 Temple: D:4-7

Altars:


Message History

Aiming: Pain (safe; 1% risk of failure)
Press: ? - help, Shift-Dir - straight line, f/p - orc
Aim: an orc, wielding a war axe (severely wounded, chance to defeat MR: 93%)
The orc writhes in agony!
The orc hits you with a war axe!
* * * LOW HITPOINT WARNING * * *
Casting: Pain (safe; 1% risk of failure)
Confirm with . or Enter, or press ? or * to list all spells.
Aiming: Pain (safe; 1% risk of failure)
Press: ? - help, Shift-Dir - straight line, f/p - orc
Aim: an orc, wielding a war axe (almost dead, chance to defeat MR: 93%)
You miscast Pain.
You are very lightly contaminated with residual magic.
Nothing appears to happen.
The orc closely misses you.
Casting: Pain (safe; 1% risk of failure)
Confirm with . or Enter, or press ? or * to list all spells.
Aiming: Pain (safe; 1% risk of failure)
Press: ? - help, Shift-Dir - straight line, f/p - orc
Aim: an orc, wielding a war axe (almost dead, chance to defeat MR: 93%)
The orc barely resists.
The orc hits you with a war axe.
You die...

########
#<.....#
#......#
#......#
#......#
#......###
#.......(#
#>.......#
#.....@.##
#######oo#
.........#
.$.......+
.....)...#
.........#
.........#
.........#
.........#


You could see 2 orcs.

Vanquished Creatures
  An adder (D:2)
  3 worms (D:2)
  3 leopard geckos
  2 orcs (D:4)
  A ball python (D:2)
  2 giant cockroaches (D:1)
  6 goblins (D:1)
  5 hobgoblins
  A kobold (D:1)
  A quokka (D:2)
  2 bats
  A frilled lizard (D:1)
  4 rats
32 creatures vanquished.

Vanquished Creatures (collateral kills)
  2 kobolds (D:2)
2 creatures vanquished.

Grand Total: 34 creatures vanquished

Notes
Turn   | Place    | Note
-------+----------+-------------------------------------------
     0 | D:1      | Velaskes the Deep Elf Necromancer began the quest for the
                  | Orb.
     0 | D:1      | Reached XP level 1. HP: 10/10 MP: 6/6
    49 | D:1      | Reached skill level 5 in Necromancy
   309 | D:1      | Reached XP level 2. HP: 12/15 MP: 5/8
   887 | D:1      | Learned a level 1 spell: Animate Skeleton
  1034 | D:2      | Reached XP level 3. HP: 17/19 MP: 5/10
  1719 | D:2      | Found a faded altar of an unknown god.
  2353 | D:4      | Slain by an orc

Skill      XL: |  1  2 |
---------------+-------+-----
Necromancy     | 5 |  5.5
Spellcasting   | 4 |  4.5
Dodging        | |  2.6
Stealth        | |  2.7

Action                   || total
-------------------------++-------
Melee: Short sword       ||     4
 Cast: Pain              ||    65
       Animate Skeleton  ||     5
  Eat: Chunk             ||     2
       Ration            ||     1
Armor: Robe              ||    11
Dodge: Dodged            ||    22
